 Dungeon Sprint DCSS version 0.17.1-3-g152610e (webtiles) character file.

1451 Inkary the Grappler (level 8, -3/88 HPs)
             Began as a Troll Monk on Apr 5, 2016.
             Slain by a demonic crawler (11 damage)
             ... in the Dungeon (Sprint I: "Red Sonja").
             The game lasted 00:06:13 (251 turns).

Inkary the Grappler (Troll Monk)                     Turns: 251, Time: 00:06:17

Health: -3/88      AC:  5    Str: 21    XL:     8   Next: 47%
Magic:  7/7        EV: 13    Int:  6    God:
Gold:   216        SH:  0    Dex: 13    Spells: 0 memorised, 7 levels left

rFire  . . .     SeeInvis .       - Unarmed
rCold  . . .     Clarity  .     a - +0 robe
rNeg   . . .     SustAt   .     (no shield)
rPois  .         Gourm    +     (helmet restricted)
rElec  .         Spirit   .     (no cloak)
rCorr  .         Warding  .     (gloves unavailable)
rMut   .         NoTele   +     (boots unavailable)
MR     .....                    (no amulet)
Stlth  ++........               (no ring)
                                (no ring)

@: not resistant to hostile enchantments, unstealthy
A: unfitting armour, claws 3, fast metabolism 3, gourmand, regeneration 2,
shaggy fur 1, tough skin 2
a: no special abilities


You were in the Dungeon.
You were not hungry.

You visited 1 branch You collected 216 gold pieces.

Inventory:

Armour
 a - a +0 robe (worn)
Scrolls
 h - a scroll of blinking
Potions
 c - a potion of curing
 f - 2 potions of magic
 g - a potion of berserk rage
Comestibles
 b - 2 bread rations


   Skills:
 + Level 8.1 Fighting
 + Level 7.9 Dodging
 + Level 2.5 Stealth
 + Level 13.7 Unarmed Combat


You had 7 spell levels left.
You didn't know any spells.

Dungeon Overview and Level Annotations

Branches:
Dungeon (1/1)

Altars:
Cheibriados
Dithmenos
Fedhas
Jiyva


Innate Abilities, Weirdness & Mutations

You are too large for most types of armour.
You have claws for hands.
Your metabolism is lightning-fast.
You like to eat raw meat.
You heal very quickly.
You are covered in fur (AC +1).
You have very tough skin (AC +2).


Message History

The demonic crawler hits you! x2
The demonic crawler misses you.
You scratch the demonic crawler but do no damage.
You claw the demonic crawler.
You kill the demonic crawler!
Your Fighting skill increases to level 8!
You claw the demonic crawler!
The demonic crawler is lightly wounded.
The demonic crawler barely misses you. The demonic crawler hits you.
* * * LOW HITPOINT WARNING * * *
The demonic crawler hits you.
* * * LOW HITPOINT WARNING * * *
You claw the demonic crawler!
The demonic crawler is heavily wounded.
The demonic crawler hits you.
* * * LOW HITPOINT WARNING * * *
The demonic crawler hits you!
* * * LOW HITPOINT WARNING * * *
The demonic crawler hits you!
You die...

##################
.#.)'..#__#.))...#
.'..#..'^.'..#...##+#
+#####+#__####..@ss.#
#### #####..+ ##


You could see 2 demonic crawlers.

Vanquished Creatures
  2 kobold demonologists (D)
  2 demonic crawlers (D)
  A slime creature (D)
  Sigmund (D)
  An ogre (D)
  Ijyb (D)
  A giant eyeball (D)
9 creatures vanquished.

Notes
Turn   | Place    | Note
--------------------------------------------------------------
     0 | D        | Inkary the Troll Monk began the quest for the Orb.
     0 | D        | Reached XP level 1. HP: 22/22 MP: 0/0
     2 | D        | Noticed Ijyb
    19 | D        | Killed Ijyb
    19 | D        | Reached skill level 6 in Unarmed Combat
    19 | D        | Reached XP level 2. HP: 29/31 MP: 1/1
    23 | D        | Noticed an ogre
    41 | D        | Killed an ogre
    41 | D        | Reached skill level 8 in Unarmed Combat
    41 | D        | Reached XP level 3. HP: 15/40 MP: 2/2
    41 | D        | Reached XP level 4. HP: 18/49 MP: 3/3
   115 | D        | Noticed Sigmund
   122 | D        | Killed Sigmund
   122 | D        | Reached skill level 5 in Fighting
   122 | D        | Reached skill level 5 in Dodging
   122 | D        | Reached skill level 10 in Unarmed Combat
   122 | D        | Reached XP level 5. HP: 53/57 MP: 4/4
   122 | D        | Reached XP level 6. HP: 61/66 MP: 5/5
   147 | D        | Found a snail-covered altar of Cheibriados.
   147 | D        | Found a viscous altar of Jiyva.
   147 | D        | Found a shadowy altar of Dithmenos.
   147 | D        | Found a blossoming altar of Fedhas.
   147 | D        | Noticed a slime creature
   158 | D        | Killed a slime creature
   158 | D        | Reached skill level 11 in Unarmed Combat
   206 | D        | Noticed a kobold demonologist
   214 | D        | Noticed a kobold demonologist
   215 | D        | Killed a kobold demonologist
   215 | D        | Reached skill level 12 in Unarmed Combat
   215 | D        | Reached XP level 7. HP: 73/76 MP: 6/6
   215 | D        | Paralysed by a giant eyeball for 2 turns
   221 | D        | Killed a kobold demonologist
   223 | D        | Paralysed by a giant eyeball for 3 turns
   238 | D        | Noticed a demonic crawler
   238 | D        | Noticed a demonic crawler
   238 | D        | Noticed a demonic crawler
   238 | D        | Noticed a demonic crawler
   244 | D        | Killed a demonic crawler
   244 | D        | Reached skill level 13 in Unarmed Combat
   244 | D        | Reached XP level 8. HP: 40/88 MP: 7/7
   249 | D        | Killed a demonic crawler
   251 | D        | Slain by a demonic crawler

Action                   |  1- 3 |  4- 6 |  7- 9 || total
-------------------------+-------+-------+-------++-------
Melee: Unarmed           |    21 |    15 |    19 ||    55
  Use: Potion            |     1 |       |     1 ||     2
 Stab: Sleeping          |       |     1 |       ||     1
  Eat: Chunk             |       |     3 |       ||     3
